 Dungeon Crawl Stone Soup version 0.22.1-1-ga44c0e56f4 (webtiles) character file.

1978 Jukra the Slinger (level 9, -7/59 HPs)
             Began as a Halfling Hunter on Sept 23, 2018.
             Was a Believer of the Shining One.
             Killed from afar by an oklob plant (9 damage)
             ... with a splash of acid
             ... on level 7 of the Dungeon.
             The game lasted 00:33:14 (5214 turns).

Jukra the Slinger (Halfling Hunter)                 Turns: 5214, Time: 00:33:15

Health: -7/59      AC:  8    Str: 23    XL:     9   Next: 43%
Magic:  11/11      EV: 15    Int:  9    God:    the Shining One [**....]
Gold:   327        SH:  0    Dex: 18    Spells: 8/8 levels left

rFire    . . .     SeeInvis .   a - +1 hunting sling
rCold    . . .     Gourm    .   (shield restricted)
rNeg     + . .     Faith    .   A - +3 scale mail {rPois}
rPois    +         Spirit   .   J - +1 hat
rElec    .         Reflect  .   (no cloak)
rCorr    .         Harm     .   I - +0 pair of gloves
MR       .....                  (no boots)
Stlth    +.........             l - amulet of magic regeneration
HPRegen  0.19/turn              q - +5 ring of strength
MPRegen  0.37/turn              B - +5 ring of strength

@: corroded, glowing
A: small, mutation resistance 1
a: Divine Shield, Renounce Religion


You were on level 7 of the Dungeon.
You worshipped the Shining One.
The Shining One was pleased with you.
You were not hungry.

You visited 1 branch of the dungeon, and saw 7 of its levels.
You also visited: Sewer.

You collected 327 gold pieces.

Inventory:

Hand Weapons
 a - a +1 hunting sling (weapon)
 b - a +0 short sword
 n - a +0 shortbow
 K - a +0 flail of crushing
Missiles
 h - 147 stones (quivered)
 t - 81 arrows
Armour
 A - a +3 scale mail of poison resistance (worn)
 I - a +0 pair of gloves (worn)
 J - a +1 hat (worn)
 M - a +0 shield
Jewellery
 l - an amulet of magic regeneration (around neck)
 q - a +5 ring of strength (left hand)
 u - a +4 ring of strength
 B - a +5 ring of strength (right hand)
 E - an uncursed ring of stealth
Wands
 N - a wand of paralysis (13)
 P - a wand of enslavement (9)
Scrolls
 g - 2 scrolls of remove curse
 j - a scroll of blinking {unknown}
 m - 8 scrolls of identify {unknown}
 o - 2 scrolls of enchant armour {unknown}
 p - a scroll of enchant weapon {unknown}
 s - 3 scrolls of teleportation {unknown}
 v - 3 scrolls of fog {unknown}
 y - a scroll of immolation {unknown}
 D - a scroll of magic mapping {unknown}
 O - a scroll of random uselessness {unknown}
Potions
 c - a potion of degeneration {unknown}
 d - a potion of might {unknown}
 e - a potion of ambrosia {unknown}
 i - 6 potions of curing {unknown}
 k - 6 potions of flight {unknown}
 r - 11 potions of heal wounds {unknown}
 x - 4 potions of brilliance {unknown}
 z - 2 potions of agility {unknown}
 C - a potion of lignification {unknown}
Comestibles
 f - 9 rations


   Skills:
 * Level 4.6 Fighting
 + Level 2.1 Short Blades
 * Level 12.5 Slings
 * Level 3.3 Armour
 * Level 4.4 Dodging
 * Level 4.1 Stealth
 * Level 2.9 Invocations


You had 8 spell levels left.
You didn't know any spells.
Your spell library was empty.

Dungeon Overview and Level Annotations

Branches:
Dungeon (7/15)             Temple (0/1) D:6

Altars:
Ashenzari
Fedhas
Hepliaklqana
Okawaru
Qazlal
Trog
The Shining One

Annotations:
D:7 exclusion: oklob plant


Innate Abilities, Weirdness & Mutations

You are small and have problems with some larger weapons.
You are somewhat resistant to further mutation.


Message History

Firing (i - inventory)
h - 149 stones (quivered)
Press: ? - help, Shift-Dir - straight line, f/p - oklob plant
Aim: an oklob plant (lightly damaged)
You shoot a stone.
The stone hits the oklob plant but does no damage.
The oklob plant is lightly damaged.
The oklob plant spits acid at you. The splash of acid hits you!
* * * LOW HITPOINT WARNING * * *
The acid corrodes you!
You are splashed with acid!
The acid burns!
* * * LOW HITPOINT WARNING * * *
Firing (i - inventory)
h - 148 stones (quivered)
Press: ? - help, Shift-Dir - straight line, f/p - oklob plant
Aim: an oklob plant (lightly damaged)
You shoot a stone.
The stone hits the oklob plant but does no damage.
The oklob plant is lightly damaged.
The oklob plant spits acid at you. The splash of acid hits you!
You die...

#.≈≈≈≈≈≈≈≈≈≈≈..#.P#..##
PP.≈≈≈≈...≈≈≈≈.#PP##..#
#P.≈≈≈≈._.≈≈≈≈..PP##..##
PP.≈≈≈≈...≈≈≈≈.#PPP##...
.P.≈≈≈≈≈.≈≈≈≈≈.PPP##...#
#P..≈≈≈≈.≈≈≈≈..P##P#....
#P..≈≈≈.≈≈≈..P.P..#....
PP#...≈≈.≈≈..PPP#PP#....
PPPPP..@.....PP##PP#....
.PPP((P#P##PP##PPPP#....


.%%.PPP#PPPPP# .PPP#.... P..#PP##.PPPPPPPP###.... .P #PP .#PPPP#PP.P #...# # ###
######### ####+# You could see an oklob plant.

Vanquished Creatures
  A wraith (D:7)
  A water moccasin (D:6)
  An ice beast (D:5)
  2 ogres
  A phantom (D:5)
  3 centaurs
  2 big kobolds (Sewer)
  2 scorpions
  3 wights (D:6)
  A bullfrog zombie (D:5)
  2 crimson imps
  A gnoll shaman (D:6)
  A jelly (D:6)
  2 orc priests
  An iguana (D:5)
  5 orc wizards
  6 worker ants
  A hound skeleton (D:4)
  4 gnolls (D:6)
  9 adders
  3 oozes
  An adder skeleton (D:7)
  5 dart slugs
  A worm (D:4)
  9 leopard geckos
  11 orcs
  7 bats
  5 giant cockroaches
  10 goblins
  2 hobgoblins (D:2)
  3 jackals (D:4)
  16 kobolds
  2 quokkas
  5 ball pythons
  3 frilled lizards (Sewer)
  8 rats
  A fungus (D:7)
  A plant (D:7)
142 creatures vanquished.

Notes
Turn   | Place    | Note
-------+----------+-------------------------------------------
     0 | D:1      | Jukra the Halfling Hunter began the quest for the Orb.
     0 | D:1      | Reached XP level 1. HP: 14/14 MP: 1/1
    29 | D:1      | Reached skill level 6 in Slings
   206 | D:1      | Reached XP level 2. HP: 19/19 MP: 2/2
   413 | D:1      | You fall through a shaft!
   446 | D:2      | Found a stormy altar of Qazlal.
   463 | D:2      | Reached XP level 3. HP: 24/24 MP: 3/3
   995 | D:2      | Reached skill level 1 in Short Blades
  1002 | D:2      | Reached skill level 7 in Slings
  1102 | D:3      | Reached XP level 4. HP: 29/29 MP: 4/4
  1259 | D:3      | Found a glowing drain.
  1265 | Sewer    | Entered a sewer
  1343 | Sewer    | Noticed a big kobold
  1361 | Sewer    | Killed a big kobold
  1361 | Sewer    | Reached skill level 8 in Slings
  1361 | Sewer    | Reached skill level 1 in Armour
  1361 | Sewer    | Reached XP level 5. HP: 18/34 MP: 5/5
  1497 | Sewer    | Noticed a big kobold
  1515 | Sewer    | Killed a big kobold
  1515 | Sewer    | Reached XP level 6. HP: 30/41 MP: 6/6
  1978 | D:3      | Found a glowing golden altar of the Shining One.
  1994 | D:3      | Became a worshipper of the Shining One
  2110 | D:3      | Found an iron altar of Okawaru.
  2640 | D:4      | Found a shattered altar of Ashenzari.
  2645 | D:4      | Reached skill level 9 in Slings
  2704 | D:4      | Reached XP level 7. HP: 45/45 MP: 7/7
  2777 | D:4      | Found a stormy altar of Qazlal.
  2777 | D:4      | Found a bloodstained altar of Trog.
  3398 | D:5      | Entered Level 5 of the Dungeon
  3600 | D:5      | Reached skill level 10 in Slings
  3600 | D:5      | Reached skill level 1 in Invocations
  3647 | D:5      | Reached * piety under the Shining One
  3666 | D:5      | Reached XP level 8. HP: 52/52 MP: 8/8
  4381 | D:6      | Reached skill level 11 in Slings
  4442 | D:6      | Found a staircase to the Ecumenical Temple.
  4482 | D:6      | Reached XP level 9. HP: 54/58 MP: 10/10
  4626 | D:6      | Reached skill level 12 in Slings
  5122 | D:7      | Found a hazy altar of Hepliaklqana.
  5132 | D:7      | Reached ** piety under the Shining One
  5162 | D:7      | Found a blossoming altar of Fedhas.
  5179 | D:7      | Noticed an oklob plant
  5213 | D:7      | HP: 2/59 [acid (12)]
  5214 | D:7      | Killed from afar by an oklob plant

Skill      XL: |  1  2  3  4  5  6  7  8  9 |
---------------+----------------------------+-----
Slings         | 6 7 8 9 10 11 12 | 12.5
Short Blades   | 1 2 |  2.1
Fighting       | 2 3 4 |  4.6
Armour         | 1 2 3 |  3.3
Stealth        | 2 3 4 |  4.1
Dodging        | 3 4 |  4.4
Invocations    | 1 2 |  2.9

Action                   |  1- 3 |  4- 6 |  7- 9 || total
-------------------------+-------+-------+-------++-------
 Fire: Hunting sling     |    62 |   173 |   305 ||   540
  Use: Scroll            |     1 |       |     1 ||     2
  Eat: Chunk             |       |     2 |       ||     2
       Ration            |       |     1 |     2 ||     3
Armor: Leather armour    |     1 |       |       ||     1
       Ring mail         |     2 |    10 |       ||    12
       Scale mail        |       |     4 |    22 ||    26
Dodge: Dodged            |     7 |    25 |    64 ||    96
